 Dungeon Crawl Stone Soup version 0.28-a0-925-gd5e1996cdb (webtiles) character file.

Game seed: 17760746783217188206

116 kae the Distorting Demonspawn (level 4, -1/36 HPs)
             Began as a Demonspawn Abyssal Knight on Nov 26, 2021.
             Was a Believer of Lugonu.
             Slain by Sigmund (7 damage)
             ... on level 3 of the Dungeon.
             The game lasted 00:03:16 (2815 turns).

kae the Distorting Demonspawn (DsAK)                Turns: 2815, Time: 00:03:16

Health: -1/36      AC:  3    Str: 14    XL:     4   Next: 69%
Magic:  6/6        EV: 11    Int: 14    God:    Lugonu [**....]
Gold:   107        SH:  0    Dex: 13    Spells: 3/3 levels left

rFire   . . .      SeeInvis .     - Unarmed
rCold   . . .      Faith    .   (no shield)
rNeg    . . .      Spirit   .   b - +0 leather armour
rPois   .          Reflect  .   (no helmet)
rElec   .          Harm     .   (no cloak)
rCorr   .          Rampage  .   (no gloves)
Will    .....                   (no boots)
Stlth   +.........              (no amulet)
HPRegen 0.12/turn               (no ring)
MPRegen 0.10/turn               (no ring)

@: mighty
A: big brain 1, demonic touch 1
a: Renounce Religion, Depart the Abyss, Bend Space


You were on level 3 of the Dungeon.
You worshipped Lugonu.
Lugonu was pleased with you.
You visited 1 branch of the dungeon, and saw 3 of its levels.
You visited the Abyss 1 time.

You collected 107 gold pieces.

Inventory:

Hand Weapons
 a - a +1 mace
Armour
 b - a +0 leather armour (worn)
Wands
 e - a wand of iceblast (12)
Scrolls
 g - a scroll of holy word
Potions
 i - a potion of invisibility {unknown}


   Skills:
 + Level 3.6 Fighting
 - Level 2.6 Maces & Flails
 - Level 1.7 Armour
 - Level 1.6 Dodging
 * Level 1.5 Unarmed Combat
 + Level 3.7 Invocations


You had 3 spell levels left.
You didn't know any spells.
Your spell library contained the following spells:

 Spells                   Type           Power      Damage    Failure   Level
 Ensorcelled Hibernation  Hex/Ice        0%         N/A       47%         2
 Spider Form              Tmut/Pois      0%         N/A       71%         3


Dungeon Overview and Level Annotations

Branches:
Dungeon (3/15)

Altars:
The Shining One

Shops:
D:3 (

Annotations:
D:3 Sigmund


Innate Abilities, Weirdness & Mutations

You have an unusually large brain. (Int +2)
Your touch may inflict minor irresistible damage on your foes.


Message History

Okay, then.
Okay, then.
It was a potion of might.
You feel very mighty all of a sudden. The jackal bites you.
The frilled lizard barely misses you.
Sigmund laughs darkly.
Sigmund hits you from afar with a +4 scythe of freezing.
Sigmund freezes you.
It was a potion of curing.
You feel better. The jackal barely misses you. The frilled lizard bites you.
The jackal bites you but does no damage.
It was a potion of heal wounds.
You feel much better. The jackal misses you.
The frilled lizard barely misses you. Sigmund misses you.
Sigmund barely misses you.
You barely miss Sigmund.
The jackal bites you but does no damage.
You closely miss Sigmund.
The jackal bites you but does no damage.
The jackal barely misses you.
Sigmund says, "Look into my eyes."
Sigmund hits you with a +4 scythe of freezing.
Sigmund freezes you. The jackal barely misses you.
You barely miss Sigmund.
You touch Sigmund.
Sigmund is lightly wounded.
The jackal bites you. The jackal misses you.
The jackal bites you but does no damage.
You punch Sigmund!
Sigmund is heavily wounded.
The jackal barely misses you.
Sigmund hits you with a +4 scythe of freezing.
Sigmund freezes you.
The jackal bites you but does no damage.
The jackal completely misses you.
You punch Sigmund!
Sigmund is severely wounded.
The jackal closely misses you. x2
Sigmund hits you with a +4 scythe of freezing!
* * * LOW HITPOINT WARNING * * *
Sigmund freezes you!
You die...

...## .# ....###.# ..#
......#.# ...# ....#.#.#
#..# ...##.#.# #..#
..###.#.# #..# ####
..).....# #..# .....
#.###.### #..##.....#
#.###.# #.h@@.# # ....#.#
##h#### .#
....#.#########...####.##
........................#
....##.####............#
....##.# #..≈≈........#
######.# ##.≈..≈.......##
#.###≈≈≈..÷..≈≈...≈#
#.##≈≈≈..≈..≈..≈..≈≈


You could see Sigmund and 2 jackals.

Vanquished Creatures
  A centaur skeleton (D:3)
  Jessica (D:3)
  An adder (D:2)
  A worm (D:2)
  2 dart slugs (D:3)
  4 ball pythons
  7 bats
  6 endoplasms
  2 giant cockroaches (D:3)
  2 hobgoblins (D:1)
  3 jackals (D:1)
  A quokka (D:1)
  2 frilled lizards
  5 goblins
  2 kobolds (D:1)
  6 rats
46 creatures vanquished.

Notes
Turn   | Place    | Note
-------+----------+-------------------------------------------
     0 | Abyss:1  | kae the Demonspawn Abyssal Knight began the quest for the
                  | Orb.
     0 | Abyss:1  | Reached XP level 1. HP: 18/18 MP: 2/2
    98 | Abyss:1  | Noticed a large abomination
    99 | D:1      | Escaped the Abyss
   125 | D:1      | Reached skill level 1 in Dodging
   491 | D:1      | Gained mutation: Your touch may inflict minor irresistible
                  | damage on your foes. [demonic ancestry]
   491 | D:1      | Reached XP level 2. HP: 24/24 MP: 4/4
   503 | D:1      | Reached * piety under Lugonu
  1207 | D:1      | Reached XP level 3. HP: 28/29 MP: 5/5
  2382 | D:3      | Noticed Jessica
  2388 | D:3      | Killed Jessica
  2389 | D:3      | Reached skill level 1 in Unarmed Combat
  2389 | D:3      | Gained mutation: You have an unusually large brain. (Int
                  | +2) [demonic ancestry]
  2389 | D:3      | Reached XP level 4. HP: 35/35 MP: 6/6
  2420 | D:3      | Found Ducach's Weapon Shop.
  2508 | D:3      | Reached ** piety under Lugonu
  2806 | D:3      | Noticed Sigmund
  2815 | D:3      | Slain by Sigmund

Illustrated notes

Levels and vault maps discovered:
D:1:      dpeg_arrival_connections, layout_basic
D:2:      layout_basic
D:3:      cheibrodos_helix_gallery, layout_loops_ring, amcnicky_altar_gilded,
          serial_shops, shop, grunt_decor_clamped,
          chequers_serial_rivers_room_b, lemuel_old_faithful, uniq_sigmund,
          uniq_jessica

Skill      XL: |  1  2  3 |
---------------+----------+-----
Dodging        | 1 |  1.6
Maces & Flails | 2 |  2.6
Invocations    | 3 |  3.7
Unarmed Combat | 1 |  1.5
Fighting       | |  3.6
Armour         | |  1.7

Action                   |  1- 3 |  4- 6 || total
-------------------------+-------+-------++-------
Melee: Mace              |    84 |       ||    84
       Touch             |    20 |     7 ||    27
       Unarmed           |    27 |    42 ||    69
       Punch             |       |     1 ||     1
Invok: Depart the Abyss  |     1 |       ||     1
  Use: Scroll            |     2 |       ||     2
       Potion            |       |     3 ||     3
Armor: Leather armour    |    43 |    28 ||    71
Dodge: Dodged            |    76 |    53 ||   129

Table legend: (Time is in decaauts)
 A = Elapsed time spent in this place.
 B = Non-inter-level travel time spent in this place.
 C = Inter-level travel time spent in this place.
 D = Time resting spent in this place.
 E = Time spent auto-exploring this place.
 F = Levels seen in this place.
 G = Mean time per level.
                   A        B        C        D        E       F      G
               +--------+--------+--------+--------+--------+-----+--------+
         Total |   2838 |   2811 |     27 |    359 |   2078 |   4 |  709.5 |
       Dungeon |   2739 |   2712 |     27 |    359 |   1982 |   3 |  913.0 |
         Abyss |     99 |     99 |      0 |      0 |     96 |   1 |   99.0 |
               +--------+--------+--------+--------+--------+-----+--------+

Top non-repeatable levels by time:
     D:1: 1235 daAuts
     D:2: 846 daAuts
     D:3: 658 daAuts
 Abyss:1: 99 daAuts
